[Event "Titled Tuesday Blitz December 20 Late 2022"]
[White "Maksimovic, Bojan"]
[Black "Novik, Maxim"]
[WhiteFideId "14408120"]
[BlackFideId "4102924"]
[WhiteElo "2462"]
[BlackElo "2291"]
[Result "1/2-1/2"]
[Round "02"]
[TimeControl "180+1"]
[Date "2022.12.21"]
[WhiteClock "0:00:04"]
[BlackClock "0:00:15"]

1. e4 c6 2. Nf3 d5 3. d3 Qc7 4. Nc3 Bg4 5. exd5 Nf6 6. h3 Bxf3 7. Qxf3 Qe5+ 8. Be2 Nxd5 9. Nxd5 Qxd5 10. Qxd5 cxd5 11. d4 Nc6 12. c3 e6 13. Bd3 Bd6 14. Be3 Kd7 15. f4 g6 16. g4 h5 17. Kf2 a6 18. Be2 Ne7 19. gxh5 gxh5 20. Bd3 Rag8 21. Rhg1 Rxg1 22. Rxg1 Rg8 23. Rxg8 Nxg8 24. f5 Nf6 25. Kf3 e5 26. dxe5 Bxe5 27. a3 Kd6 28. Ba7 Ke7 29. Bc5+ Kd7 30. Be3 Ne8 31. Bg5 Nd6 32. Bc1 b5 33. Bf4 f6 34. Bc1 Nc4 35. h4 d4 36. b3 Na5 37. cxd4 Bxd4 38. Bc2 Nc6 39. Be3 Ne5+ 40. Ke4 Bxe3 41. Kxe3 a5 42. Bd1 a4 43. bxa4 bxa4 44. Bxa4+ Kd6 45. Bc2 Nc4+ 46. Kd4 Nd2 47. Bd1 Nf1 48. Bxh5 Ng3 49. Bg4 Nf1 50. h5 Ke7 51. a4 Nd2 52. Kc3 Ne4+ 53. Kb4 Nf2 54. Bf3 Nd3+ 55. Kb5 Ne5 56. Be2 Kd6 57. a5 Kc7 58. a6 Nf7 59. Bf3 Kb8 60. Bb7 Ka7 61. Kc5 Nh6 62. Kd5 Nxf5 63. Ke4 Ng3+ 64. Kf4 Nxh5+ 65. Kf5 Ng7+ 66. Kxf6 Ne8+ 67. Ke7 Nc7 68. Kd6 Nxa6 1/2-1/2


[Site "https://www.chess.com"]

[Event "Titled Tuesday Blitz December 20 Late 2022"]
[White "Marcolino, Daniel Mattos"]
[Black "Kleinman, Michael"]
[WhiteFideId "2106841"]
[BlackFideId "2609479"]
[WhiteElo "2138"]
[BlackElo "2287"]
[Result "0-1"]
[Round "02"]
[TimeControl "180+1"]
[Date "2022.12.21"]
[WhiteClock "0:00:08"]
[BlackClock "0:00:59"]

1. d4 Nf6 2. Nf3 g6 3. g3 Bg7 4. Bg2 O-O 5. O-O c5 6. dxc5 Na6 7. Be3 Qc7 8. Nc3 Nxc5 9. Nb5 Qb6 10. a4 Ng4 11. Bd4 e5 12. Bc3 Ne4 13. h3 Nexf2 14. Rxf2 Nxf2 15. Qd6 Qe3 16. Kh2 Ne4 17. Qd3 Qxd3 18. exd3 Nxc3 19. Nxc3 d6 20. Ra3 Bd7 21. Rb3 Bc6 22. Ne4 Rad8 23. Nfd2 h6 0-1


[Site "https://www.chess.com"]

[Event "Titled Tuesday Blitz December 20 Late 2022"]
[White "Marin Masis, Jose Esteban"]
[Black "Vega Gutierrez, Sabrina"]
[WhiteFideId "6508146"]
[BlackFideId "2219026"]
[WhiteElo "1838"]
[BlackElo "2261"]
[Result "0-1"]
[Round "02"]
[TimeControl "180+1"]
[Date "2022.12.21"]
[WhiteClock "0:00:31"]
[BlackClock "0:00:51"]

1. e4 c5 2. Nf3 e6 3. d4 cxd4 4. Nxd4 Nf6 5. Nc3 d6 6. Bc4 Be7 7. O-O O-O 8. Bb3 Nc6 9. Re1 a6 10. h3 Qc7 11. Be3 Bd7 12. Qd2 b5 13. a3 Rac8 14. Rad1 Na5 15. Ba2 Rfd8 16. f4 Nc4 17. Bxc4 Qxc4 18. Qd3 Be8 19. f5 e5 20. Nb3 Qxd3 21. Rxd3 Bc6 22. Bb6 Rd7 23. Nd5 Bxd5 24. exd5 Rxc2 25. Rb1 Bd8 26. Be3 a5 27. Na1 Rc8 28. Nb3 a4 29. Nd2 Rdc7 30. g4 Rc1+ 31. Rxc1 Rxc1+ 32. Kg2 Rc2 33. b3 axb3 34. Rxb3 Nxd5 35. Kf2 Nxe3 36. Kxe3 Bg5+ 0-1


[Site "https://www.chess.com"]

[Event "Titled Tuesday Blitz December 20 Late 2022"]
[White "Martinez Alcantara, Jose Eduardo"]
[Black "Rosenberg, Evan S"]
[WhiteFideId "3805662"]
[BlackFideId "2019299"]
[WhiteElo "2707"]
[BlackElo "2407"]
[Result "1-0"]
[Round "02"]
[TimeControl "180+1"]
[Date "2022.12.21"]
[WhiteClock "0:01:43"]
[BlackClock "0:01:32"]

1. e4 e5 2. Nf3 Nc6 3. Bb5 Nf6 4. O-O Nxe4 5. Re1 Nd6 6. Nxe5 Be7 7. Bf1 Nxe5 8. Rxe5 O-O 9. d4 Bf6 10. Re1 Re8 11. c3 Rxe1 12. Qxe1 Qe8 13. Qd1 Ne4 14. Bf4 d6 15. Qf3 Ng5 16. Qd3 Ne6 17. Be3 g6 18. Nd2 Ng7 19. Bf4 Bf5 20. Qf3 c6 21. Bxd6 Qd7 22. Bf4 Bg4 23. Qd3 Re8 24. Ne4 Be7 25. Re1 Bf5 26. Qf3 Ne6 27. Bd2 c5 28. d5 Bxe4 29. Qxe4 Ng7 30. Qf3 b5 31. Bf4 c4 32. b3 Bf6 33. Rxe8+ Qxe8 34. bxc4 bxc4 35. d6 Qe1 36. Qa8+ Qe8 37. Qxe8+ Nxe8 38. Bxc4 Bxc3 39. d7 1-0


[Site "https://www.chess.com"]

[Event "Titled Tuesday Blitz December 20 Late 2022"]
[White "Martinez Reyes, Pedro Ramon"]
[Black "Nasuta, Grzegorz"]
[WhiteFideId "3901807"]
[BlackFideId "1141686"]
[WhiteElo "2354"]
[BlackElo "2441"]
[Result "0-1"]
[Round "02"]
[TimeControl "180+1"]
[Date "2022.12.21"]
[WhiteClock "0:00:03"]
[BlackClock "0:00:08"]

1. e4 c5 2. Nf3 d6 3. Bb5+ Bd7 4. Bxd7+ Nxd7 5. O-O Ngf6 6. Re1 e6 7. c3 Be7 8. d4 cxd4 9. cxd4 d5 10. e5 Ne4 11. Nbd2 Nxd2 12. Bxd2 O-O 13. Rc1 Qb6 14. Bc3 Rac8 15. h4 h6 16. h5 Rc6 17. Nh2 Rfc8 18. Re3 Bg5 19. Rg3 Bxc1 20. Qxc1 Kf8 21. Qf4 Rxc3 22. bxc3 Qb1+ 23. Nf1 Qe4 24. Qc1 Qxd4 25. Qa3+ Qc5 26. Qa4 Nxe5 27. Qf4 Qc7 28. Ne3 Nd7 29. Qg4 Qe5 30. Qb4+ Nc5 31. Nc2 Kg8 32. Nd4 Ne4 33. Re3 Qc7 34. f3 Nf6 35. Nb5 Qb6 36. Kf2 Rc4 37. Qb2 Rc5 38. a4 a6 39. Qb4 axb5 40. a5 Qc6 41. a6 bxa6 42. Qa5 Qc8 43. Qxa6 Qxa6 0-1


[Site "https://www.chess.com"]

[Event "Titled Tuesday Blitz December 20 Late 2022"]
[White "Matthes, Aaron"]
[Black "Manukyan, Sargis A."]
[WhiteFideId "16227310"]
[BlackFideId "13303970"]
[WhiteElo "2323"]
[BlackElo "2187"]
[Result "1-0"]
[Round "02"]
[TimeControl "180+1"]
[Date "2022.12.21"]
[WhiteClock "0:00:19"]
[BlackClock "0:00:12"]

1. d4 a6 2. Bf4 g6 3. Nc3 Bg7 4. e4 c5 5. Be3 cxd4 6. Bxd4 e5 7. Be3 Ne7 8. Nf3 Nbc6 9. Bc4 b5 10. Bb3 O-O 11. a3 Bb7 12. Bc5 Rc8 13. O-O Na5 14. Bd6 Nxb3 15. cxb3 f6 16. Qd2 Rf7 17. Rfd1 Qb6 18. Bxe7 Rxe7 19. Nd5 Bxd5 20. Qxd5+ Kh8 21. Rac1 Rxc1 22. Rxc1 Qb8 23. b4 h5 24. Qc5 Re6 25. Qd5 Rd6 26. Qf7 Kh7 27. Nh4 f5 28. exf5 g5 29. Nf3 g4 30. Nxe5 Rh6 31. Nxd7 Qf4 32. Rd1 Rd6 33. Nf8+ Kh8 34. Ng6+ Kh7 35. Re1 Rf6 36. Qxf6 Bxf6 37. Nxf4 Bg5 38. Nd5 Kg7 39. Re6 Kf7 40. Rxa6 h4 41. Nc3 h3 42. Nxb5 Bf4 43. Nd4 Be5 44. Ne6 Bxb2 45. b5 Bxa3 46. b6 Bd6 47. b7 Kf6 48. Rb6 Bb8 49. Nc5+ Kxf5 50. Nd7 Bc7 51. b8=Q g3 52. Qf8+ Ke4 53. Re6+ Kd5 54. Qc5+ Kxe6 55. Qxc7 gxf2+ 56. Kxf2 hxg2 57. Kxg2 Ke7 58. Nc5+ Kf6 59. Qd6+ Kg5 60. Qe5+ Kh4 61. Qg7 Kh5 62. Kf3 Kh4 63. Qg4# 1-0


[Site "https://www.chess.com"]

[Event "Titled Tuesday Blitz December 20 Late 2022"]
[White "Megalios, Konstantinos"]
[Black "Ward, Ieuan C"]
[WhiteFideId "4238044"]
[BlackFideId "406627"]
[WhiteElo "2277"]
[BlackElo "2346"]
[Result "1/2-1/2"]
[Round "02"]
[TimeControl "180+1"]
[Date "2022.12.21"]
[WhiteClock "0:00:09"]
[BlackClock "0:00:16"]

1. Nf3 e6 2. g3 d5 3. Bg2 Nf6 4. O-O Be7 5. c4 O-O 6. b3 c5 7. e3 Nc6 8. Bb2 b6 9. cxd5 Nxd5 10. d4 Bb7 11. dxc5 Bxc5 12. Nc3 Nxc3 13. Bxc3 Qxd1 14. Rfxd1 Rfd8 15. Ne5 Na5 16. Bxb7 Nxb7 17. b4 Bf8 18. Nc6 Rdc8 19. b5 a6 20. a4 axb5 21. axb5 Rxa1 22. Bxa1 Nd6 23. Rc1 f6 24. Bd4 Ra8 25. Rb1 Nc4 26. Rc1 Nd6 27. Bxb6 Nxb5 28. Rd1 Ra6 29. Nd4 Rxb6 30. Rb1 Nxd4 31. Rxb6 Nf3+ 32. Kg2 Ne1+ 33. Kf1 Nf3 34. Kg2 Ng5 35. h4 Ne4 36. Rxe6 Nd6 37. f4 Kf7 38. f5 Nxf5 39. Re4 Bd6 40. g4 Nxh4+ 41. Kh3 Ng6 42. Ra4 h6 43. Ra7+ Be7 44. Kg3 Ne5 45. Kf4 Ke6 46. Ra6+ Bd6 47. Kg3 Nd3+ 48. Kh4 Nc5 49. Ra7 Be7 50. Kh5 Kf7 51. Kh4 Ne4 52. Kh3 Ng5+ 53. Kg3 Ne6 54. Kf3 Nf8 55. Kf4 Ng6+ 56. Kg3 Ne5 57. Kf4 g5+ 58. Kf5 Ng6 59. Ke4 Nh4 60. Rb7 Ng6 61. Ra7 Nf8 62. Rb7 Ne6 63. Ra7 Nc5+ 64. Kf5 Ne6 65. Ke4 Nd8 66. Kf5 Nc6 67. Rc7 Ne5 68. Ra7 Nc4 69. Ke4 Ke6 70. Ra6+ Nd6+ 71. Kf3 Kf7 72. Ra7 Ke6 73. Ra6 Ke5 74. Ra5+ Ke6 75. Ra6 1/2-1/2


[Site "https://www.chess.com"]

[Event "Titled Tuesday Blitz December 20 Late 2022"]
[White "Melikhov, Evgeny V."]
[Black "Domingo Nunez, Ruben"]
[WhiteFideId "4122046"]
[BlackFideId "22245570"]
[WhiteElo "2169"]
[BlackElo "2406"]
[Result "0-1"]
[Round "02"]
[TimeControl "180+1"]
[Date "2022.12.21"]
[WhiteClock "0:00:01"]
[BlackClock "0:00:17"]

1. d4 g6 2. c4 Bg7 3. Nc3 d6 4. e4 Nd7 5. f3 e5 6. d5 h5 7. Be3 h4 8. Qd2 Bh6 9. O-O-O a5 10. Nge2 Nc5 11. Kb1 Bxe3 12. Qxe3 f6 13. Nc1 Bd7 14. Nb5 Nh6 15. Be2 f5 16. Nb3 Nxb3 17. Qxb3 fxe4 18. fxe4 O-O 19. Qe3 Kg7 20. Rhf1 Bxb5 21. cxb5 Qe7 22. b6 c6 23. dxc6 bxc6 24. b7 Rab8 25. Ba6 Ng4 26. Qb6 Rxf1 27. Rxf1 d5 28. Qxc6 d4 29. Qc8 Qd6 30. Qxg4 Qxa6 31. Qd7+ Kh6 32. Rf7 Qd3+ 33. Kc1 Qe3+ 34. Kd1 Qg1+ 35. Kd2 Qxg2+ 36. Kd3 Rxb7 37. Qxb7 Qh3+ 38. Kc4 Qxh2 39. Rh7+ Kg5 40. Qe7+ Kg4 41. Qe6+ Kg5 42. Qe7+ Kg4 43. Qe6+ Kf4 44. Kd5 Ke3 45. Qxe5 Qxb2 46. Qg5+ Kd3 47. Rxh4 Qb5+ 48. Ke6 Qxg5 49. e5 Qxh4 0-1


[Site "https://www.chess.com"]

[Event "Titled Tuesday Blitz December 20 Late 2022"]
[White "Melkumyan, Hrant"]
[Black "Young, Ryan"]
[WhiteFideId "13302485"]
[BlackFideId "2049945"]
[WhiteElo "2604"]
[BlackElo "2405"]
[Result "0-1"]
[Round "02"]
[TimeControl "180+1"]
[Date "2022.12.21"]
[WhiteClock "0:02:21"]
[BlackClock "0:01:57"]

1. c4 g6 2. e4 e5 3. d4 Bg7 4. dxe5 Bxe5 5. Nf3 Bg7 6. Nc3 Nc6 7. Bd3 d6 8. h3 Nge7 9. O-O O-O 10. Bg5 h6 11. Be3 Be6 12. Qd2 Kh7 13. Rad1 Ne5 14. b3 Nxf3+ 15. gxf3 Bxh3 16. Rfe1 Nc6 17. Bf1 Qh4 18. Nd5 Ne5 19. Qe2 Bxf1 20. Rxf1 Qh3 0-1


[Site "https://www.chess.com"]

[Event "Titled Tuesday Blitz December 20 Late 2022"]
[White "Migot, Tangi"]
[Black "Lacasa Diaz, Jose Antonio"]
[WhiteFideId "662445"]
[BlackFideId "2203375"]
[WhiteElo "2559"]
[BlackElo "2338"]
[Result "1-0"]
[Round "02"]
[TimeControl "180+1"]
[Date "2022.12.21"]
[WhiteClock "0:00:52"]
[BlackClock "0:00:09"]

1. d3 d5 2. Nf3 e6 3. g3 Nf6 4. Bg2 c5 5. O-O Nc6 6. b3 Be7 7. Bb2 b6 8. e3 Bb7 9. a3 Qc7 10. Nbd2 h6 11. Qe2 O-O-O 12. c4 dxc4 13. Nxc4 h5 14. Rfc1 h4 15. b4 hxg3 16. hxg3 Kb8 17. bxc5 Bxc5 18. Nce5 Ba6 19. Nxc6+ Qxc6 20. Ne5 Qe8 21. Qf3 Rd5 22. d4 Bd6 23. e4 Ra5 24. Nc6+ Ka8 25. Nxa5 bxa5 26. d5 e5 27. Rc6 1-0


[Site "https://www.chess.com"]

[Event "Titled Tuesday Blitz December 20 Late 2022"]
[White "Mihajlov, Sebastian"]
[Black "Rustemov, Alexander"]
[WhiteFideId "1512110"]
[BlackFideId "4119002"]
[WhiteElo "2464"]
[BlackElo "2873"]
[Result "0-1"]
[Round "02"]
[TimeControl "180+1"]
[Date "2022.12.20"]
[WhiteClock "0:01:20"]
[BlackClock "0:01:42"]

1. e4 e6 2. d4 d5 3. Nc3 dxe4 4. Nxe4 Bd7 5. Nf3 Bc6 6. Bd3 Nd7 7. Qe2 Ngf6 8. Nxf6+ Nxf6 9. O-O Bxf3 10. Qxf3 Qd5 11. Qg3 Bd6 12. Qh4 Qh5 13. Bg5 Qxh4 14. Bxh4 Nd5 15. a3 Be7 16. Bg3 c6 17. Rad1 Rd8 18. c3 O-O 19. Rfe1 Rd7 20. h3 Rfd8 21. Be4 b5 22. Bc2 a5 23. Be5 a4 24. c4 Nb6 25. cxb5 cxb5 26. Bd3 Nc4 27. Bxc4 bxc4 28. Rc1 Rc8 29. Rc2 f6 30. Bg3 Kf7 31. Rd1 Rd5 32. Kf1 e5 33. Rdc1 Rxd4 34. f3 Ke6 35. Bf2 Kd5 36. Bxd4 exd4 37. Re1 Bd6 38. Kf2 d3 39. Rd2 Bf4 40. Rdd1 Rb8 41. Rb1 Be5 0-1


[Site "https://www.chess.com"]

[Event "Titled Tuesday Blitz December 20 Late 2022"]
[White "Mikhailov, Viacheslav"]
[Black "Arnold, Ken"]
[WhiteFideId "4187369"]
[BlackFideId "2056836"]
[WhiteElo "2381"]
[BlackElo "2346"]
[Result "1-0"]
[Round "02"]
[TimeControl "180+1"]
[Date "2022.12.21"]
[WhiteClock "0:00:07"]
[BlackClock "0:00:09"]

1. Nf3 d5 2. g3 Nf6 3. Bg2 c5 4. O-O Nc6 5. d4 Bg4 6. dxc5 e5 7. Bg5 Bxc5 8. Bxf6 gxf6 9. Nc3 d4 10. Ne4 Be7 11. c3 Qb6 12. cxd4 Bxf3 13. exf3 Nxd4 14. Qd2 h5 15. Rac1 Rd8 16. Qe3 h4 17. f4 h3 18. Bf3 f5 19. Nc3 e4 20. Be2 Qxb2 21. Rfd1 Bc5 22. Kh1 Bb6 23. Bc4 O-O 24. Na4 Qb4 25. Nxb6 Qxb6 26. Bf1 Nf3 27. Qxb6 axb6 28. Bxh3 Rxd1+ 29. Rxd1 Ra8 30. Bxf5 Rxa2 31. Bxe4 Rxf2 32. Bxf3 Rxf3 33. Rb1 Rc3 34. Rxb6 Rc7 35. Kg2 Kg7 36. Kf3 f6 37. Kg4 Kg6 38. h4 Kg7 39. h5 Kf7 40. Kh4 Kg7 41. g4 Kf7 42. h6 Kg6 43. g5 Rf7 44. Kg4 Kh7 45. Kh5 fxg5 46. fxg5 Rc7 47. g6+ Kg8 48. Rb5 Rc1 49. h7+ Kh8 50. Kg5 Rg1+ 51. Kf6 Rf1+ 52. Rf5 Rxf5+ 53. Kxf5 Kg7 54. Ke5 1-0


[Site "https://www.chess.com"]

[Event "Titled Tuesday Blitz December 20 Late 2022"]
[White "Milikow, Yoav"]
[Black "Fiorito, Joaquin"]
[WhiteFideId "2822237"]
[BlackFideId "180173"]
[WhiteElo "2416"]
[BlackElo "2157"]
[Result "1-0"]
[Round "02"]
[TimeControl "180+1"]
[Date "2022.12.21"]
[WhiteClock "0:00:29"]
[BlackClock "0:00:10"]

1. d4 Nf6 2. c4 e6 3. Nc3 d5 4. cxd5 exd5 5. Bg5 c6 6. e3 Be7 7. Bd3 O-O 8. Qc2 h6 9. Bh4 Re8 10. Nge2 Nbd7 11. O-O Nh5 12. Bxe7 Qxe7 13. Rae1 Ndf6 14. Nc1 g6 15. f3 Qd6 16. Nb3 a5 17. Na4 Ng7 18. Nb6 Rb8 19. Nxa5 Qb4 20. Qc5 Qxc5 21. dxc5 Bf5 22. Bxf5 Nxf5 23. Kf2 Re7 24. g4 Ng7 25. b4 Rbe8 26. Nb3 h5 27. h3 Ne6 28. Rh1 h4 29. Nd4 Ng5 30. a4 Nd7 31. a5 Nxb6 32. axb6 Kg7 33. b5 cxb5 34. Nxb5 Rc8 35. Nc7 Ne6 36. Nxd5 Rd7 37. Rd1 Rxc5 38. e4 Rc2+ 39. Ke3 Rd6 40. Rc1 Rb2 41. Rc3 Nd8 42. f4 Nc6 43. f5 Ne5 44. Kf4 Nd7 45. Rc7 Nxb6 46. f6+ Kg8 47. Ne7+ Kh7 48. g5 Rd3 49. Nd5 Nxd5+ 50. exd5 Rb4+ 51. Ke5 Kg8 52. Rc8+ Kh7 53. Rf8 Re3+ 54. Kd6 Rb6+ 55. Kc7 Rb5 56. Rxf7+ Kg8 57. Rg7+ Kf8 58. Ra1 Rxd5 59. Ra8+ Re8 60. Rxe8+ Kxe8 61. Rxg6 b5 62. Kc6 Kf7 63. Rg7+ 1-0


[Site "https://www.chess.com"]

[Event "Titled Tuesday Blitz December 20 Late 2022"]
[White "Moreno Perez, Tobias Sebastian"]
[Black "Rian, Kapriaga"]
[WhiteFideId "186716"]
[BlackFideId "7103263"]
[WhiteElo "2259"]
[BlackElo "2320"]
[Result "0-1"]
[Round "02"]
[TimeControl "180+1"]
[Date "2022.12.21"]
[WhiteClock "0:00:01"]
[BlackClock "0:00:03"]

1. Nf3 d5 2. g3 Nf6 3. Bg2 Bf5 4. O-O e6 5. b3 h6 6. Bb2 Be7 7. d3 O-O 8. Nbd2 c5 9. e4 Bh7 10. Ne5 Nbd7 11. Nxd7 Qxd7 12. e5 Ne8 13. f4 Nc7 14. Kh1 b5 15. g4 Rab8 16. Qf3 c4 17. Rae1 Na6 18. f5 Bg5 19. Nb1 Nb4 20. Na3 cxd3 21. cxd3 Rbc8 22. Qg3 Qd8 23. f6 a6 24. h4 Bd2 25. Rd1 Bc3 26. Bc1 Qc7 27. d4 Qb6 28. fxg7 Kxg7 29. Qf4 Bg6 30. h5 Bxd4 31. hxg6 Rxc1 32. Qf6+ Kg8 33. gxf7+ Kh7 34. Rxc1 Nd3 35. Rcd1 Bxe5 36. Qf3 Nf4 37. Rde1 Bb8 38. Qd1 Qd6 39. Qb1+ Ng6 40. Rf6 Qh2# 0-1


[Site "https://www.chess.com"]

[Event "Titled Tuesday Blitz December 20 Late 2022"]
[White "Myers, Dominique"]
[Black "Gurevich, Dmitry"]
[WhiteFideId "2041715"]
[BlackFideId "2000407"]
[WhiteElo "1953"]
[BlackElo "2506"]
[Result "0-1"]
[Round "02"]
[TimeControl "180+1"]
[Date "2022.12.21"]
[WhiteClock "0:01:41"]
[BlackClock "0:00:34"]

1. e4 c5 2. Nf3 d6 3. d4 cxd4 4. Nxd4 Nf6 5. Nc3 Nc6 6. f3 Nxd4 7. Qxd4 g6 8. Be3 Bg7 9. O-O-O O-O 10. Qd2 Qa5 11. g4 Be6 12. Kb1 Rfc8 13. a3 Rxc3 14. Qxc3 Qxc3 15. bxc3 Nd7 16. Bd4 Ne5 17. Be2 a6 18. h3 Rc8 19. f4 Nc4 20. Bxg7 Kxg7 21. Bxc4 Rxc4 22. f5 Bc8 23. Kb2 Rxe4 24. Rhe1 gxf5 25. Rxe4 fxe4 26. Rd4 f5 27. gxf5 Bxf5 28. Kc1 Kf6 29. Kd2 Ke5 30. h4 Kf4 31. Ke2 Bg4+ 32. Kf2 Bd7 33. c4 Bc6 34. c3 a5 35. h5 h6 36. Ke2 b6 37. Kf2 Bd7 38. Rd5 Bc6 39. Rd4 Be8 40. Rd5 Bf7 41. Rd4 Be6 42. Rd1 e3+ 43. Ke1 Kf3 44. Rd4 Bf7 45. Rh4 e5 46. Kf1 e4 47. Ke1 Bxc4 48. Rh3+ Kf4 49. Rh4+ Kf5 50. Rh3 e2 51. Kf2 Kf4 52. Rh4+ Kf5 53. Rh3 a4 54. Rh4 b5 55. Rh3 d5 56. Rh4 Ke5 57. Rh1 d4 58. cxd4+ Kxd4 59. Rh4 Kd3 60. Rh3+ Kd2 61. Re3 Bd3 62. Rh3 e1=Q+ 0-1


[Site "https://www.chess.com"]

[Event "Titled Tuesday Blitz December 20 Late 2022"]
[White "Nasir, Zehn"]
[Black "Steinberg, Nitzan"]
[WhiteFideId "2613239"]
[BlackFideId "2801795"]
[WhiteElo "1993"]
[BlackElo "2491"]
[Result "0-1"]
[Round "02"]
[TimeControl "180+1"]
[Date "2022.12.20"]
[WhiteClock "0:00:10"]
[BlackClock "0:00:07"]

1. d4 g6 2. Bf4 Bg7 3. Nc3 d6 4. e4 a6 5. Nf3 b5 6. a4 b4 7. Nd5 a5 8. Bc4 e6 9. Ne3 Bb7 10. Bb5+ Nd7 11. e5 d5 12. h4 h6 13. Ng4 c6 14. Bd3 Ba6 15. c4 Bxc4 16. Bxc4 dxc4 17. Nd2 Nb6 18. Ne4 Ne7 19. Ngf6+ Kf8 20. Be3 Nbd5 21. Qf3 Nf5 22. g4 Nfxe3 23. fxe3 Bxf6 24. Nxf6 Nxf6 25. O-O Kg8 26. exf6 Qd5 27. Rac1 Kh7 28. Qe2 c3 29. bxc3 b3 30. e4 Qd6 31. e5 Qd5 32. Rb1 Rab8 33. Rb2 c5 34. Qf3 Qc4 35. Qe3 Rhd8 36. Rd1 Qxa4 37. d5 Qxg4+ 38. Kh2 Qxd1 39. dxe6 fxe6 40. Qxc5 Rb7 41. Rg2 b2 42. Qc6 b1=Q 43. f7 Rxf7 44. Qxe6 Qh1+ 45. Kg3 Qbe1+ 46. Kg4 Qxg2# 0-1


[Site "https://www.chess.com"]

[Event "Titled Tuesday Blitz December 20 Late 2022"]
[White "Novikova, Galina"]
[Black "Gritsenko, Nikolai"]
[WhiteFideId "4157095"]
[BlackFideId "14112493"]
[WhiteElo "1953"]
[BlackElo "2389"]
[Result "1/2-1/2"]
[Round "02"]
[TimeControl "180+1"]
[Date "2022.12.21"]
[WhiteClock "0:00:13"]
[BlackClock "0:00:07"]

1. e4 d5 2. exd5 Nf6 3. Nf3 Nxd5 4. d4 Bf5 5. Bd3 Bxd3 6. Qxd3 c6 7. O-O e6 8. c4 Nf6 9. Nc3 Be7 10. Bg5 O-O 11. Rad1 Nbd7 12. Ne5 Re8 13. Nxd7 Qxd7 14. d5 cxd5 15. cxd5 Rad8 16. Bxf6 Bxf6 17. d6 Rc8 18. Rd2 Bxc3 19. bxc3 Rc6 20. Rfd1 Rec8 21. Rc2 Rc4 22. h3 h6 23. Qe3 b5 24. Rd4 b4 25. Rxc4 Rxc4 26. Qd3 Rxc3 27. Rxc3 bxc3 28. Qxc3 Qxd6 29. Qc8+ Kh7 30. Qc2+ g6 31. Qe2 e5 32. a4 Qd4 33. Qb5 Kg7 34. a5 h5 35. a6 e4 36. Qa5 e3 37. fxe3 Qxe3+ 38. Kh1 h4 39. Qa1+ Kg8 40. Qf6 Qe1+ 41. Kh2 Qg3+ 42. Kh1 Qe1+ 43. Kh2 Qg3+ 44. Kh1 Qd3 45. Qc6 Qf1+ 46. Kh2 Qf4+ 47. Kh1 Kh7 48. Qb7 Qc1+ 49. Kh2 Qf4+ 50. Kh1 Qf1+ 51. Kh2 Qf4+ 52. Kh1 1/2-1/2


[Site "https://www.chess.com"]

[Event "Titled Tuesday Blitz December 20 Late 2022"]
[White "Pappelis, Dimitrios"]
[Black "Izeta Txabarri, Felix"]
[WhiteFideId "4215281"]
[BlackFideId "2200260"]
[WhiteElo "2104"]
[BlackElo "2460"]
[Result "0-1"]
[Round "02"]
[TimeControl "180+1"]
[Date "2022.12.21"]
[WhiteClock "0:00:01"]
[BlackClock "0:00:29"]

1. e4 c6 2. d4 d5 3. exd5 cxd5 4. c4 Nf6 5. Nc3 e6 6. Nf3 Be7 7. c5 O-O 8. Bd3 b6 9. cxb6 Qxb6 10. O-O Ba6 11. Re1 Bxd3 12. Qxd3 Nc6 13. Be3 Rab8 14. Reb1 Nb4 15. Qd1 Qa6 16. Ne5 Rfc8 17. a3 Nc6 18. Qa4 Qb7 19. Nd3 Nd7 20. Rc1 Nb6 21. Qd1 Nc4 22. Rab1 Qa6 23. h3 h6 24. Rc2 Nxe3 25. fxe3 Na5 26. Ne5 Bd6 27. Qf3 Bxe5 28. dxe5 Nc4 29. Qf4 Qb6 30. Rf1 Qxe3+ 31. Kh1 Qxf4 32. Rxf4 Nxe5 33. Re2 Nd3 34. Rf3 Nxb2 35. Ref2 f6 36. Ne2 Nc4 37. Nd4 e5 38. Nf5 Rc7 39. Rg3 Kf8 40. Nxh6 gxh6 41. Rxf6+ Rf7 42. Rxh6 Rb1+ 43. Kh2 d4 44. Rgg6 Ne3 0-1


[Site "https://www.chess.com"]

[Event "Titled Tuesday Blitz December 20 Late 2022"]
[White "Polster, Christian"]
[Black "Blanco Acevedo, Cristobal Jose"]
[WhiteFideId "12965081"]
[BlackFideId "3900525"]
[WhiteElo "2195"]
[BlackElo "2273"]
[Result "1-0"]
[Round "02"]
[TimeControl "180+1"]
[Date "2022.12.21"]
[WhiteClock "0:00:18"]
[BlackClock "0:00:03"]

1. e4 c5 2. Nc3 Nc6 3. Nge2 g6 4. d4 cxd4 5. Nxd4 Bg7 6. Be3 Nf6 7. Bc4 Qa5 8. O-O O-O 9. Bb3 d6 10. h3 Nxd4 11. Bxd4 Be6 12. Re1 Rac8 13. Bxe6 fxe6 14. e5 dxe5 15. Bxe5 Rcd8 16. Qe2 Qb6 17. b3 Bh6 18. Rad1 Nd5 19. Na4 Qc6 20. c4 Nf4 21. Bxf4 Bxf4 22. Rxd8 Rxd8 23. g3 Bg5 24. Qxe6+ Qxe6 25. Rxe6 b6 26. Re2 Rd1+ 27. Kg2 Kf7 28. Nc3 Ra1 29. f4 Bf6 30. Nd5 h5 31. Kf3 e6 32. Nc7 e5 33. fxe5 Bg5 34. e6+ Ke7 35. Nd5+ Ke8 36. e7 1-0


[Site "https://www.chess.com"]

[Event "Titled Tuesday Blitz December 20 Late 2022"]
[White "Poltorak, Sebastian"]
[Black "Pakleza, Zbigniew"]
[WhiteFideId "1199498"]
[BlackFideId "1119290"]
[WhiteElo "2195"]
[BlackElo "2410"]
[Result "0-1"]
[Round "02"]
[TimeControl "180+1"]
[Date "2022.12.21"]
[WhiteClock "0:00:16"]
[BlackClock "0:00:26"]

1. d4 d6 2. e4 Nf6 3. Nc3 c6 4. Nf3 Bg4 5. Be2 e6 6. O-O Be7 7. h3 Bh5 8. Rb1 d5 9. e5 Nfd7 10. b4 O-O 11. Be3 a5 12. a3 b5 13. Qd2 Nb6 14. Nd1 Nc4 15. Bxc4 dxc4 16. c3 Nd7 17. Bf4 Nb6 18. Ne3 Nd5 19. Bh2 Qd7 20. g4 Bg6 21. Rb2 axb4 22. axb4 Ra3 23. Rc1 Rfa8 24. Ng2 Qa7 25. Nf4 Be4 26. Ne1 Bg5 27. Bg3 Ra1 28. h4 Bxf4 29. Bxf4 Rxc1 30. Qxc1 Qa1 31. Bd2 Qxc1 32. Bxc1 Nxc3 33. f3 Ra1 34. Bd2 Na4 35. Kf2 Bg6 36. Bc3 Nxb2 37. Bxb2 Ra2 0-1


[Site "https://www.chess.com"]

[Event "Titled Tuesday Blitz December 20 Late 2022"]
[White "Przybylski, Wojciech"]
[Black "Senft, Sean"]
[WhiteFideId "1117599"]
[BlackFideId "2044960"]
[WhiteElo "2217"]
[BlackElo "1989"]
[Result "1-0"]
[Round "02"]
[TimeControl "180+1"]
[Date "2022.12.21"]
[WhiteClock "0:01:13"]
[BlackClock "0:02:16"]

1. e4 c5 2. Nf3 d6 3. d4 cxd4 4. Nxd4 Nf6 5. Nc3 a6 6. Be3 e5 7. Nb3 Be6 8. Be2 Be7 9. O-O Nbd7 10. f3 O-O 11. Qd2 Rc8 12. Rfc1 Qc7 13. a4 Nb6 14. a5 Nc4 15. Bxc4 Bxc4 16. Nd5 Nxd5 17. exd5 f5 18. Bb6 Qd7 19. Rd1 Bxb3 20. cxb3 Qb5 21. Qd3 Qxd3 22. Rxd3 Bd8 23. Be3 Rf7 24. b4 Rfc7 25. Bd2 Rc2 26. Bc3 Bf6 27. Rd2 Rxd2 28. Bxd2 Rc2 29. Bc3 e4 30. fxe4 Bxc3 31. bxc3 fxe4 32. Re1 Rxc3 33. Rxe4 Rd3 34. Re7 Rxd5 35. Rxb7 Rd4 36. b5 axb5 37. a6 Ra4 38. a7 Kf8 39. Kf2 Ke8 40. Rb8+ Kd7 41. a8=Q Rxa8 42. Rxa8 Kc6 43. Ke3 b4 44. Kd4 1-0


[Site "https://www.chess.com"]

[Event "Titled Tuesday Blitz December 20 Late 2022"]
[White "Rengifo Blancas, Renzo Jhonathan"]
[Black "MKlose11"]
[WhiteFideId "3807185"]
[WhiteElo "2058"]
[BlackElo "2479"]
[Result "1-0"]
[Round "02"]
[TimeControl "180+1"]
[Date "2022.12.21"]
[WhiteClock "0:00:08"]
[BlackClock "0:00:23"]

1. d4 Nf6 2. Nc3 c5 3. d5 e5 4. e4 d6 5. Nf3 Be7 6. Be2 O-O 7. O-O Na6 8. Be3 Nc7 9. a4 Rb8 10. h3 b6 11. Nd2 a6 12. f4 Nd7 13. f5 b5 14. axb5 axb5 15. Nf3 Nf6 16. Bg5 b4 17. Bxf6 Bxf6 18. Nb1 Bd7 19. Nbd2 Ra8 20. Nc4 Bb5 21. b3 Be7 22. Qd2 Qb8 23. Ra5 Bxc4 24. Rxa8 Qxa8 25. Bxc4 Qa2 26. Kh2 Ra8 27. g4 h6 28. g5 hxg5 29. Rg1 Qb2 30. Nxg5 Ra2 31. Bd3 Qc3 32. Qg2 Bf6 33. Qf3 Nb5 34. Qh5 Qd2+ 35. Rg2 Qf4+ 36. Rg3 Bxg5 37. Qxg5 Qxg5 38. Rxg5 f6 39. Rg2 Nd4 40. Kg3 Kf7 41. Rf2 Ra1 42. Kh4 Rd1 43. Kh5 Re1 44. h4 Re3 45. Rg2 Nxb3 46. Ba6 Nd4 47. Bc8 Re2 48. Be6+ Kf8 49. Rg1 Rxc2 50. Kg6 b3 51. h5 b2 52. h6 gxh6 53. Kxf6 Rg2 54. Rxg2 Nxe6 55. dxe6 b1=Q 56. e7+ Ke8 57. Rg8+ Kd7 58. e8=Q+ Kc7 59. Qc8+ Kb6 60. Qb8+ Ka5 61. Qxb1 1-0


[Site "https://www.chess.com"]